 Dungeon Crawl Stone Soup version 0.17-a0-1646-geb1493d (webtiles) character file.

1243742 abixa the Invulnerable (level 27, -21/273 HPs)
             Began as a Minotaur Berserker on Aug 6, 2015.
             Was the Champion of Makhleb.
             Killed from afar by Isun the pandemonium lord (23 damage)
             ... with a chain lightning
             ... on level 20 of a ziggurat on Aug 10, 2015.
             The game lasted 11:16:50 (111236 turns).

abixa the Invulnerable (Minotaur Berserker)       Turns: 111236, Time: 11:16:51

Health: -21/273    AC:  0    Str: 24    XL:     27
Magic:  10/39      EV: 37    Int:  4    God:    Makhleb [******]
Gold:   12460      SH:  0    Dex: 19    Spells: 14 memorised, 3 levels left

rFire  . . .     SeeInvis .       - Unarmed
rCold  . . .     Rnd*Rage +     (armour currently unavailable)
rNeg   . . .     SustAt   .     (shield currently unavailable)
rPois  .         Gourm    .     (helmet currently unavailable)
rElec  .         Spirit   .     (cloak currently unavailable)
rCorr  +         Warding  .     (gloves currently unavailable)
rMut   .         Stasis   .     (boots currently unavailable)
MR     ++...                    N - amulet of resist corrosion
Stlth  ++........               (ring currently unavailable)
                                (ring currently unavailable)

@: exhausted, pig-form (expiring), very slightly contaminated, hasted and
slowed, very quick, very resistant to hostile enchantments, unstealthy
A: (retaliatory headbutt), (horns 0), berserk 1, clumsy 1
a: Minor Destruction, Lesser Servant of Makhleb, Major Destruction, Greater
Servant of Makhleb, Renounce Religion
}: 10/15 runes: serpentine, barnacled, slimy, silver, golden, iron, obsidian,
icy, bone, abyssal


You were on level 20 of a ziggurat.
You worshipped Makhleb.
Makhleb was exalted by your worship.
You were full.
You were a filthy swine.
You visited 18 branches of the dungeon, and saw 95 of its levels.
You visited Pandemonium 1 time, and saw 3 of its levels.
You visited the Abyss 2 times.
You visited 1 bazaar.
You visited 1 ziggurat, and saw 20 of its levels.
You also visited: Labyrinth, Bailey, Ice Cave and Volcano.

You collected 17575 gold pieces.
You spent 5115 gold pieces at shops.

Inventory:

Hand weapons
 a - a +9 executioner's axe of flaming (melded)
 b - a +9 triple crossbow of flaming
 m - a +2 antimagic bardiche
Missiles
 f - 2130 bolts
 l - 62 bolts of flame
 t - 214 bolts of penetration
 C - 62 bolts of frost
Armour
 d - the +1 cloak "Hief" {rC+ MR+}
   (You found it on level 19 of a ziggurat)

   It protects you from cold.
   It affects your resistance to hostile enchantments.
 g - a +10 storm dragon armour (melded)
 s - the +4 cloak of Xom's Condemnation (melded) {SInv}
   (You found it on level 1 of the Realm of Zot)

   It lets you see invisible.
 x - the +2 pair of boots of Shadows and Fog (melded) {Dex+7}
   (You bought it in a shop on level 4 of the Orcish Mines)

   It affects your dexterity (+7).
 T - the +2 pair of gloves of Eruan {rF+ Str+3}
   (You found it on level 17 of a ziggurat)

   It affects your strength (+3).
   It protects you from fire.
 V - the +0 pair of gloves "Rezuuh" (melded) {-Cast rN++ MR+ Stlth+}
   (You found it on level 3 of the Abyss)

   It greatly protects you from negative energy.
   It affects your resistance to hostile enchantments.
   It prevents spellcasting.
   It makes you more stealthy.
 Y - a +2 hat of spirit shield (melded)
Rods
 c - a +2 rod of clouds (13/13)
   (You found it on level 17 of a ziggurat)
 L - a +5 lightning rod (14/14)
   (You found it on level 3 of the Tomb of the Ancients)
Jewellery
 p - the amulet "Japhutoa" {rMut rF+ Str-5 Stlth+}
   (You found it on level 3 of the Crypt)

   [amulet of resist mutation]

   It protects you from mutation.
   It affects your strength (-5).
   It protects you from fire.
   It makes you more stealthy.
 y - the ring of Day {Int+4 Dex-2 Slay+2 Stlth+}
   (You found it on level 6 of a ziggurat)

   [ring of slaying]

   It affects your intelligence (+4).
   It affects your dexterity (-2).
   It affects your accuracy and damage with ranged weapons and melee attacks
   (+2).
   It makes you more stealthy.
 H - the ring "Zeranouv" (melded) {+/*Tele rPois rC- Dex+10}
   (You found it on level 14 of a ziggurat)

   [ring of teleportation]

   It may teleport you to nearby monsters, and can be evoked to randomly
   teleport.
   It affects your dexterity (+10).
   It makes you vulnerable to cold.
   It protects you from poison.
 J - the ring of the Little Devil (melded) {+Fly rF+++ rC+ MR+}
   (You took it off a balrug on level 7 of Gehenna)

   [ring of protection from cold]

   It renders you almost immune to fire.
   It protects you from cold.
   It affects your resistance to hostile enchantments.
   It lets you fly.
 K - the amulet of Kikubaaqudgha's Hatred {rMut Str+2 Int+6 Dex-5}
   (You found it on level 8 of a ziggurat)

   [amulet of resist mutation]

   It protects you from mutation.
   It affects your strength (+2).
   It affects your intelligence (+6).
   It affects your dexterity (-5).
 N - an amulet of resist corrosion (around neck)
 Q - the amulet of Eturcheimu {Ward rF+ rN+}
   (You found it on level 17 of a ziggurat)

   [amulet of warding]

   It may prevent the melee attacks of summoned creatures.
   It protects you from fire.
   It protects you from negative energy.
 R - the ring "Yxiqairi" {Wiz rC+ rN+ Str+2}
   (You found it on level 7 of Gehenna)

   [ring of wizardry]

   It improves your spell success rate.
   It affects your strength (+2).
   It protects you from cold.
   It protects you from negative energy.
 Z - the amulet of Okawaru's Approval {+Blink Regen+ Str+2 Dex-5 Slay+2}
   (You found it on level 17 of a ziggurat)

   [amulet of regeneration]

   It affects your strength (+2).
   It affects your dexterity (-5).
   It affects your accuracy and damage with ranged weapons and melee attacks
   (+2).
   It lets you blink.
   It increases your rate of regeneration.
Magical devices
 P - a wand of hasting (3)
 X - a wand of teleportation (5)
Scrolls
 e - 39 scrolls of remove curse
 j - 6 scrolls of summoning
 q - 8 scrolls of holy word
 v - 11 scrolls of blinking
 w - 15 scrolls of identify
 A - 15 scrolls of recharging
 B - a scroll of enchant armour
 D - 11 scrolls of immolation
 E - 19 scrolls of fog
 F - 28 scrolls of teleportation
 I - 10 scrolls of silence
Potions
 i - 15 potions of cure mutation
 k - 7 potions of cancellation
 n - 28 potions of curing
 o - 12 potions of berserk rage
 r - 14 potions of heal wounds
 z - 9 potions of haste
 G - 7 potions of might
 O - 3 potions of resistance
 S - 6 potions of agility
Miscellaneous
 u - a stone of tremors
 M - a disc of storms
 U - a fan of gales
 W - a lamp of fire
Comestibles
 h - 7 royal jellies


   Skills:
 O Level 27 Fighting
 O Level 27 Axes
 - Level 23.2(27) Polearms
 O Level 27 Crossbows
 O Level 27 Armour
 O Level 27 Dodging
 - Level 1.3 Unarmed Combat
 - Level 13.0 Spellcasting
 - Level 10.0 Hexes
 + Level 12.5 Charms
 - Level 13.0 Necromancy
 - Level 10.0 Translocations
 - Level 10.0 Air Magic
 O Level 27 Evocations


You had 3 spell levels left.
You knew the following spells:

 Your Spells              Type           Power        Failure   Level  Hunger
a - Apportation           Tloc           ##........   1%          1    None
b - Blink                 Tloc           N/A          1%          2    ##.....
c - Repel Missiles        Chrm/Air       ##....       1%          2    ##.....
d - Song of Slaying       Chrm           ##......     1%          2    ##.....
e - Swiftness             Chrm/Air       ##......     1%          2    ##.....
f - Regeneration          Chrm/Necr      ##........   1%          3    ###....
g - Spectral Weapon       Hex/Chrm       ##......     1%          3    ###....
h - Shroud of Golubria    Chrm/Tloc      ##........   1%          2    ##.....
i - Portal Projectile     Tloc           ##....       1%          3    ###....
j - Passage of Golubria   Tloc           N/A          2%          4    ####...
k - Deflect Missiles      Chrm/Air       ##........   24%         6    #######
l - Haste                 Chrm           ##......     17%         6    #######
m - Conjure Ball Lightni  Conj/Air       #.........   100%        6    #######
n - Summon Hydra          Summ           #.........   100%        7    #######


Dungeon Overview and Level Annotations

Branches:
Dungeon (15/15)            Temple (1/1) D:7            Lair (8/8) D:9
 Shoals (4/4) Lair:4        Snake (4/4) Lair:3        Slime (6/6) Lair:6
    Orc (4/4) D:9             Elf (3/3) Orc:3        Vaults (5/5) D:14
  Crypt (3/3) Vaults:2       Tomb (3/3) Crypt:3      Depths (5/5) D:15
   Hell (1/1)                 Dis (7/7) Hell            Geh (7/7) Hell
    Coc (7/7) Hell            Tar (7/7) Hell            Zot (5/5) Depths:5

Altars:
Ashenzari
Cheibriados
Dithmenos
Elyvilon
Fedhas
Gozag
Kikubaaqudgha
Makhleb
Nemelex Xobeh
Okawaru
Qazlal
Ru
Sif Muna
Trog
Vehumet
Xom
Yredelemnul
Zin
The Shining One
Beogh
Jiyva

Shops:
D:15 :   Orc:4 *[(([   Elf:1 :   Elf:2 (!   Snake:4 (   Vaults:1 [((
Vaults:3 ?   Depths:1 *

Portals:
Hell: Depths:1 Depths:2 Depths:3 Depths:4 Depths:5
Abyss: Depths:4
Pandemonium: Depths:3
Ziggurat: Depths:3

Annotations:
Coc:7 exclusion: ice statue
Pan 2 runed doors


Innate Abilities, Weirdness & Mutations

((You reflexively headbutt those who attack you in melee.))
((You have a pair of horns on your head.))
You tend to lose your temper in combat.
You are clumsy. (Dex -2)


Message History

Unknown command.
Read which item? (? for menu, Esc to quit)
As you read the scroll of holy word, it crumbles to dust.
You speak a Word of immense power!
The phantasmal warrior convulses!
Isun convulses!
The apocalypse crab convulses!
You kill the apocalypse crab!
Makhleb accepts your kill.
Ruyriff convulses!
Nustagh convulses!
Nustagh is lost in a daze.
Ruyriff sneers, "Crawl home, thou wayward kobold-kissing brigand!"
Isun gestures.
You hear a mighty clap of thunder!
The lightning arc hits the phantasmal warrior.
The phantasmal warrior is destroyed!
The lightning arc hits Isun.
The lightning arc hits the azure jelly.
The azure jelly resists.
The lightning arc hits you!
* * * LOW HITPOINT WARNING * * *
The lightning arc hits the azure jelly.
The azure jelly resists.
The azure jelly dies!
The lightning arc hits you!
You die...

&....&..........▓
.Y8.............▓
...............∩▓
.m8&.........†..▓
....sp§§...§§§§.▓
8.....w§...§§§..▓
.......†&.[.†.§§▓
...&.W.........§▓
.......§.&p.&.§h▓
......▓▓▓▓▓▓▓▓▓▓▓
...... .....
..... .... ▓▓▓▓


You could see Isun (dazed), Nustagh (dazed), Ruyriff (dazed) and a Killer Klown.

Vanquished Creatures
  Antaeus (Coc:7)
  Asmodeus (Geh:7)
  the royal jelly (Slime:6)
  Ereshkigal (Tar:7)
  the Serpent of Hell (Coc:7)
  8 ancient liches
  The ghost of Chiseanne the Spry, a legendary DsWn of Gozag (Zig:14)
  Khufu (Tomb:2)
  6 orbs of fire
  Mara (Crypt:2)
  The ghost of Chiseanne the Blood Saint, a legendary DsFi of Makhleb (Pan)
  Sojobo (Depths:5)
  44 greater mummies
  3 pandemonium lords
  17 shard shrikes
  Frederick (Depths:4)
  Margery (Depths:5)
  Vashnia (Snake:4)
  8 Killer Klowns
  5 caustic shrikes
  4 curse toes
  Geryon (Hell)
  13 golden dragons
  Jory (Crypt:3)
  A profane servitor (Crypt:3)
  Xtahua (Depths:5)
  17 bone dragons
  24 Brimstone Fiends
  5 electric golems
  The ghost of Zebulonius the Axe Maniac, a mighty MiBe of Trog (Snake:4)
  17 tentacled monstrosities
  12 Hell Sentinels
  23 Orb Guardians (Zot:5)
  2 deep elf blademasters (Elf:3)
  15 Ice Fiends
  4 quicksilver dragons
  4 deep elf master archers (Elf:3)
  8 titans
  11 sphinxes
  32 Shadow Fiends
  4 eldritch tentacles
  19 liches
  18 acid blobs
  38 tentacled starspawn
  7 Executioners
  A kraken (Abyss:1)
  Frances (D:12)
  11 shadow dragons
  4 octopode crushers (Zig:16)
  Kirke (D:13)
  8 greater nagas
  9 ancient champions
  An azure jelly (shapeshifter) (Depths:4)
  A thorn hunter (Abyss:3)
  6 draconian monks
  A daeva (Abyss:3)
  13 tengu reavers
  19 storm dragons
  12 revenants
  Ilsuiw (Shoals:4)
  A corrupter (Abyss:1)
  9 azure jellies
  The ghost of Ajdolov the Bludgeoner, a powerful OgBe of Trog (Orc:4)
  5 draconian knights
  Maud (Orc:3)
  8 fire giants
  22 vault wardens
  An iron dragon (shapeshifter) (Depths:4)
  A ghost moth (Zot:1)
  24 balrugs
  15 frost giants
  12 deep elf sorcerers
  2 caustic shrike zombies
  10 iron dragons
  7 draconian scorchers
  4 draconian zealots
  6 orc warlords
  10 draconian shifters
  8 cacodemons
  A curse skull (Zig:15)
  An emperor scorpion (shapeshifter) (Depths:4)
  A warmonger (Pan)
  3 angels
  18 ghouls
  17 ironheart preservers
  52 reapers
  3 spriggan defenders
  41 stone giants
  4 draconian annihilators
  10 vampire knights
  The ghost of abixa the Severer, a powerful HOFE of Makhleb (Bailey)
  18 very ugly things
  A caustic shrike skeleton (Depths:1)
  8 salamander firebrands
  34 war gargoyles
  3 draconian callers
  2 elemental wellsprings (Coc:7)
  6 deep elf demonologists
  2 black draconians (shapeshifter) (Zot:4)
  15 black draconians
  4 bennus
  4 deep elf annihilators
  6 lorocyprocas
  14 yellow draconians
  12 red draconians
  13 white draconians
  5 salamander stormcallers
  2 dire elephants
  2 dire elephants (shapeshifter)
  A blood saint (Pan)
  14 mottled draconians
  6 chaos champions
  9 green draconians
  A white draconian (shapeshifter) (Zot:4)
  10 purple draconians
  12 eidola
  12 merfolk javelineers
  Snorg (Lair:5)
  8 death oozes
  15 crystal guardians
  21 blizzard demons
  19 fire dragons
  A minotaur (shapeshifter) (Depths:4)
  11 deep elf death magi
  32 mummy priests
  28 vault guards
  20 ettins
  14 merfolk impalers
  A minotaur (Lab)
  8 death cobs
  10 green deaths
  Josephine (Orc:3)
  7 deep elf high priests
  26 jiangshi
  5 kraken zombies
  30 yaktaur captains
  3 quicksilver dragon zombies
  A spriggan air mage (Depths:4)
  5 entropy weavers
  7 ghost crabs
  2 hell beasts
  3 quicksilver dragon skeletons
  A spectral shadow dragon (Crypt:3)
  18 naga warriors
  2 anacondas (shapeshifter)
  14 hydras
  A catoblepas (shapeshifter) (Depths:4)
  26 ogre magi
  2 monstrous demonspawn (Pan)
  13 rakshasas
  15 anacondas
  21 ice dragons
  3 merfolk avatars (Shoals:3)
  17 great orbs of eyes
  7 merfolk aquamancers
  6 death knights
  2 alligator snapping turtles (Shoals:4)
  Erolcha (D:10)
  An alligator (Zig:19)
  10 vampire magi
  2 satyrs
  4 deep troll earth magi
  31 dancing weapons
  58 thrashing horrors
  16 centaur warriors
  5 death yaks (Lair:7)
  2 spriggan berserkers
  6 orc high priests
  6 tengu warriors
  9 titan zombies
  4 deep troll shamans
  Urug (Orc:3)
  7 shock serpents
  9 storm dragon zombies
  22 hell hogs
  13 naga sharpshooters
  Nergalle (Orc:3)
  25 sun demons
  14 iron golems
  24 soul eaters
  21 iron trolls
  33 wretched stars
  7 salamander mystics
  4 titan skeletons
  33 hell knights
  A spectral ghost moth (Crypt:3)
  6 storm dragon skeletons
  13 sea snakes
  13 infernal demonspawn (Pan)
  11 shadow wraiths
  6 wizards
  An iron troll (shapeshifter) (Depths:4)
  109 large abominations
  17 spatial maelstroms (Abyss:3)
  94 skeletal warriors
  A death drake (shapeshifter) (Depths:4)
  3 golden dragon zombies
  20 deep elf knights
  3 fire crabs
  A quicksilver dragon simulacrum (Abyss:3)
  9 naga ritualists
  2 death drakes
  5 ghost moth zombies
  12 anaconda zombies
  30 ice devils
  31 death scarabs
  20 phantasmal warriors
  11 swamp dragons (Zig:19)
  23 hill giants
  A swamp dragon (shapeshifter) (Vaults:5)
  14 flayed ghosts
  3 gelid demonspawn (Pan)
  5 ice statues
  A spriggan druid (Zig:19)
  8 deep elf summoners
  14 giant orange brains
  A hill giant (shapeshifter) (Depths:1)
  A lindwurm (shapeshifter) (Zig:11)
  2 shambling mangroves (Zig:19)
  8 unseen horrors
  2 obsidian statues (Depths:4)
  3 tengu zombies
  44 harpies
  4 shadow dragon zombies
  11 shadow demons
  4 golden dragon skeletons
  26 ironbrand convokers
  4 lindwurms (Snake:4)
  A putrid demonspawn (Pan)
  A torturous demonspawn (Pan)
  2 anubis guards (shapeshifter)
  20 necromancers
  24 deep trolls
  11 griffons
  21 anubis guards
  19 deep elf conjurers
  14 mana vipers
  7 iron dragon zombies
  5 wolf spider zombies
  58 ugly things
  11 anaconda skeletons
  A sphinx zombie (Crypt:1)
  3 oklob plants
  12 orc sorcerers
  20 orc knights
  2 hornets (shapeshifter) (Abyss:3)
  A sphinx skeleton (Zig:14)
  3 orb spiders
  5 shadow dragon skeletons
  2 kraken simulacra (Coc:7)
  8 wolf spiders
  9 cyclopes
  12 manticores
  A human zombie (Vaults:5)
  7 frost giant zombies
  5 hornets
  9 shining eyes
  6 fire giant zombies
  14 worldbinders (Abyss:3)
  17 moths of wrath
  9 frost giant skeletons
  A salamander (shapeshifter) (Depths:4)
  12 stone giant zombies
  A manticore (shapeshifter) (Abyss:3)
  14 fauns
  A tengu skeleton (Vaults:5)
  23 sixfirhies
  23 salamanders
  6 centaur zombies
  A spectral shock serpent (Crypt:3)
  An elephant (Orc:4)
  4 stone giant skeletons
  5 iron dragon skeletons
  8 fire giant skeletons
  10 guardian serpents
  4 human skeletons
  49 smoke demons
  Maurice (D:12)
  8 water nymphs
  19 naga magi
  A moth of wrath (shapeshifter) (Abyss:3)
  A shock serpent zombie (Dis:2)
  13 sirens
  4 titan simulacra
  Joseph (D:10)
  8 dire elephant zombies
  A torpor snail (Lair:3)
  6 gargoyles
  10 apocalypse crabs
  2 octopodes (shapeshifter)
  3 eyes of devastation
  4 dire elephant skeletons
  23 molten gargoyles
  5 storm dragon simulacra (Coc:7)
  2 spriggan zombies (Zig:14)
  28 hellions
  42 rust devils
  2 fire drakes (Lair:7)
  24 orange demons
  A shock serpent skeleton (Geh:7)
  22 spiny frogs
  43 black mambas
  2 catoblepas zombies
  13 vault sentinels
  3 emperor scorpion zombies
  A komodo dragon (shapeshifter) (Depths:4)
  29 tormentors
  8 efreet
  2 yaktaurs (shapeshifter)
  7 anaconda simulacra (Coc:7)
  4 elf skeletons
  A fire drake (shapeshifter) (Depths:4)
  37 ancient zymes (Abyss:3)
  36 blue devils
  103 yaktaurs
  8 demonic crawlers
  9 komodo dragons
  41 red devils
  8 tengu conjurers
  A purple draconian skeleton (Coc:4)
  4 silent spectres
  15 hellwings
  6 polar bears
  An entropy weaver zombie (Depths:1)
  A yaktaur skeleton (Vaults:5)
  39 guardian mummies
  2 jumping spiders
  3 merfolk (shapeshifter)
  17 deep elf priests
  A queen bee (Lair:1)
  22 trolls
  2 minotaur zombies
  7 wind drakes
  2 harpy zombies
  14 hydra zombies
  45 merfolk
  47 freezing wraiths
  A two-headed ogre (shapeshifter) (Vaults:5)
  A wind drake (shapeshifter) (Vaults:3)
  2 jumping spiders (shapeshifter)
  58 two-headed ogres
  7 giant leeches
  2 harpy skeletons
  Grinder (D:6)
  54 slime creatures
  51 raiju
  9 boulder beetles
  13 hydra skeletons
  A boulder beetle (shapeshifter) (Depths:1)
  2 frost giant simulacra
  A minotaur skeleton (Coc:7)
  17 ushabtiu
  10 bog bodies
  An iron dragon simulacrum (Coc:7)
  3 alligator zombies
  3 snapping turtles (shapeshifter)
  9 ettin zombies
  6 ice dragon zombies
  199 flying skulls
  7 fire dragon zombies
  13 snapping turtles
  12 air elementals
  A stone giant simulacrum (Coc:7)
  35 ynoxinuls
  32 blink frogs
  2 black mamba zombies
  176 starcursed masses
  6 ice dragon skeletons
  6 alligator skeletons
  A guardian serpent skeleton (Crypt:1)
  A dire elephant simulacrum (Coc:7)
  54 shadows
  26 water elementals
  2 tarantellas
  41 wraiths
  73 yaks
  16 vampires
  A hog (shapeshifter) (Abyss:3)
  13 fire bats
  3 spriggans
  A golden eye (shapeshifter) (D:14)
  38 neqoxecs
  24 redbacks
  2 black mamba skeletons
  2 wyverns (D:13)
  22 fire elementals
  6 ettin skeletons
  40 deep elf fighters
  3 basilisks
  A giant leech zombie (Crypt:1)
  2 hippogriffs (shapeshifter)
  25 deep elf magi
  16 hippogriffs
  2 human simulacra
  11 golden eyes
  A hill giant skeleton (Crypt:2)
  2 mottled dragons
  86 small abominations
  6 hungry ghosts
  A merfolk zombie (Geh:5)
  30 chaos spawn
  9 insubstantial wisps
  19 vampire mosquitoes
  A putrid demonspawn zombie (Crypt:2)
  8 hydra simulacra
  24 spatial vortices (Abyss:3)
  6 wargs
  41 nagas
  A putrid demonspawn skeleton (Crypt:1)
  A soldier ant (D:14)
  13 wolves
  11 spiny frog zombies
  76 hell hounds
  7 porcupines
  17 water moccasins
  2 alligator simulacra (IceCv)
  An infernal demonspawn skeleton (Tar:7)
  19 ice beasts
  112 ogres
  6 phantoms
  60 orc warriors
  7 black bears
  8 snapping turtle zombies
  2 manticore zombies (Dis:7)
  A swamp drake (shapeshifter) (Abyss:3)
  7 boggarts
  4 sky beasts
  15 eyes of draining
  6 spiny frog skeletons
  33 centaurs
  An ettin simulacrum (Abyss:3)
  10 wasps
  A fire dragon simulacrum (Abyss:3)
  A manticore skeleton (Geh:7)
  2 swamp dragon skeletons
  5 snapping turtle skeletons
  29 necrophages
  6 brain worms
  13 crocodiles
  A salamander zombie (Crypt:1)
  A merfolk simulacrum (Coc:6)
  A big kobold (shapeshifter) (Zig:11)
  6 earth elementals (Depths:4)
  33 giant frogs
  A big kobold (D:12)
  A gnoll sergeant (D:8)
  2 spiny frog simulacra
  7 scorpions
  2 water moccasin skeletons
  36 killer bees
  74 wights
  2 troll skeletons
  13 crimson imps
  4 spriggan skeletons
  7 electric eels
  11 quasits
  7 hounds
  4 draconian simulacra (IceCv)
  A giant frog zombie (D:5)
  26 jellies
  9 iguanas
  Crazy Yiuf (D:7)
  6 centaur skeletons
  A gnoll shaman (D:4)
  27 orc priests
  A two-headed ogre zombie (Crypt:2)
  3 giant frog skeletons
  A hound (shapeshifter) (Depths:3)
  10 worker ants
  3 spriggan simulacra (IceCv)
  31 iron imps
  31 orc wizards
  2 hell rats
  2 wolf simulacra (IceCv)
  A killer bee zombie (D:7)
  5 troll simulacra (IceCv)
  A deep dwarf zombie (Crypt:1)
  2 ogre zombies
  30 sheep
  A sheep (shapeshifter) (Depths:4)
  3 centaur simulacra (IceCv)
  A crocodile skeleton (Crypt:1)
  A mottled dragon skeleton (Crypt:1)
  57 mummies
  A hound skeleton (D:6)
  3 naga simulacra (IceCv)
  2 ogre simulacra (IceCv)
  57 river rats
  20 adders
  28 gnolls
  A steam dragon skeleton (Crypt:2)
  16 shadow imps
  42 white imps
  3 giant eyeballs
  11 ufetubi
  4 oozes (Lair:6)
  A worm (D:6)
  An adder skeleton (D:7)
  A lava snake skeleton (Crypt:2)
  2 giant geckos
  245 orcs
  A ball python (D:5)
  9 giant cockroaches
  18 hobgoblins
  14 jackals
  2 quokkas
  4 bats
  A giant gecko zombie (D:5)
  4 giant newts
  2 gnoll zombies (D:6)
  20 goblins
  16 kobolds
  A kobold skeleton (Coc:5)
  2 kobold zombies
  An orc skeleton (Coc:7)
  An orc zombie (Geh:7)
  A quokka zombie (D:6)
  10 rats
  2 bushes
  5 crawling corpses
  2 fire vortices
  14 fungi
  2 lurking horrors (Abyss:3)
  17 plants
  42 starspawn tentacles
  13 tentacles
6692 creatures vanquished.

Vanquished Creatures (collateral kills)
  Dispater (Dis:7)
  A golden dragon (Depths:5)
  An ancient champion (Zig:15)
  A revenant (Zig:15)
  A draconian annihilator (Zot:1)
  2 stone giants (Coc:7)
  A draconian caller (Depths:5)
  A purple draconian (Zot:1)
  A rakshasa (Abyss:3)
  An iron golem (Dis:7)
  A death drake (shapeshifter) (Depths:4)
  A flayed ghost (Zig:15)
  A fire giant zombie (Tar:7)
  A smoke demon (Abyss:3)
  A two-headed ogre (Coc:7)
  A shadow imp (Tar:7)
17 creatures vanquished.

Vanquished Creatures (others)
  A Killer Klown (Zig:20)
  A golden dragon (Zot:1)
  2 Orb Guardians (Zot:5)
  2 tentacled monstrosities (Zig:19)
  3 eldritch tentacles
  A shadow dragon (Tar:7)
  2 draconian knights (Zot:4)
  A frost giant (Zig:17)
  An azure jelly (shapeshifter) (Zig:20)
  A vault warden (Vaults:3)
  A draconian zealot (Zot:1)
  2 stone giants
  An elemental wellspring (Coc:7)
  2 vault guards (Vaults:5)
  An ettin (Vaults:5)
  A yaktaur captain (Vaults:5)
  2 green deaths (Zig:19)
  An ice dragon (Coc:7)
  A satyr (Abyss:3)
  A deep troll shaman (Vaults:2)
  33 death scarabs
  11 ball lightnings (Depths:4)
  2 ironbrand convokers
  A swamp dragon (Zig:19)
  2 large abominations
  A harpy (Zig:16)
  A wizard (Vaults:2)
  A sixfirhy (Pan)
  An ugly thing (Depths:4)
  A smoke demon (Abyss:3)
  A vault sentinel (Vaults:4)
  A guardian serpent (Snake:4)
  A spiny frog (Zig:19)
  A troll (D:12)
  2 yaktaurs (Vaults:5)
  A merfolk (Zig:16)
  A troll (shapeshifter) (Vaults:1)
  2 ancient zymes (Abyss:3)
  A raiju (Abyss:3)
  3 slime creatures
  A bog body (Coc:7)
  An ushabti (Tomb:3)
  2 water elementals (Depths:4)
  An ice dragon skeleton (Geh:7)
  11 flying skulls
  4 humans (D:13)
  A deep elf fighter (Vaults:5)
  2 insubstantial wisps (Zig:19)
  A naga (Snake:4)
  2 swamp drakes (Zig:19)
  An eye of draining (Abyss:3)
  3 hell hounds
  A centaur (D:13)
  3 orc warriors
  An ogre (Vaults:4)
  2 wasps (Zig:19)
  4 small abominations (Abyss:3)
  A tengu (shapeshifter) (Depths:4)
  An earth elemental (Abyss:3)
  A wight (Geh:2)
  229 eldritch tentacle segments
  A fire vortex (Vaults:2)
  34 fungi
  8 lost souls
  3 lurking horrors
  40 plants
  56 starspawn tentacles
  454 starspawn tentacle segments
  39 tentacles
  373 tentacle segments
1377 creatures vanquished.

Grand Total: 8086 creatures vanquished

Notes
Turn   | Place    | Note
--------------------------------------------------------------
     0 | D:1      | abixa the Minotaur Berserker began the quest for the Orb.
     0 | D:1      | Reached XP level 1. HP: 19/19 MP: 0/0
     5 | D:1      | Reached skill level 4 in Axes
     5 | D:1      | Reached XP level 2. HP: 26/26 MP: 1/1
   486 | D:1      | Reached skill level 5 in Axes
   510 | D:1      | Reached XP level 3. HP: 31/31 MP: 2/2
   682 | D:1      | Acquired Trog's second power
   954 | D:2      | Noticed a fire elemental
   956 | D:2      | Found a stormy altar of Qazlal.
   957 | D:2      | Noticed an earth elemental
   957 | D:2      | Noticed an air elemental
   957 | D:2      | Noticed a water elemental
  1257 | D:2      | Found a snail-covered altar of Cheibriados.
  1257 | D:2      | Found a glowing golden altar of the Shining One.
  1435 | D:2      | Reached XP level 4. HP: 36/39 MP: 3/3
  1442 | D:2      | Reached skill level 6 in Axes
  1822 | D:3      | Reached XP level 5. HP: 45/45 MP: 4/4
  1921 | D:3      | Reached skill level 7 in Axes
  2108 | D:4      | Reached skill level 8 in Axes
  2109 | D:4      | Reached XP level 6. HP: 37/51 MP: 3/5
  2293 | D:4      | Reached skill level 9 in Axes
  2483 | D:4      | Found a sacrificial altar of Ru.
  2526 | D:4      | Reached XP level 7. HP: 41/59 MP: 6/6
  2557 | D:4      | Found a shattered altar of Ashenzari.
  2730 | D:5      | Entered Level 5 of the Dungeon
  3104 | D:5      | Acquired Trog's third power
  3196 | D:5      | Reached skill level 10 in Axes
  3505 | D:5      | Found an ancient bone altar of Kikubaaqudgha.
  4083 | D:6      | Reached XP level 8. HP: 60/67 MP: 7/7
  4186 | D:6      | Reached skill level 5 in Fighting
  4210 | D:6      | Found a basalt altar of Yredelemnul.
  4349 | D:6      | Reached skill level 5 in Armour
  4427 | D:6      | Noticed Grinder
  4437 | D:6      | Paralysed by Grinder for 4 turns
  4460 | D:6      | Paralysed by Grinder for 6 turns
  4470 | D:6      | Killed Grinder
  4470 | D:6      | Reached skill level 11 in Axes
  4538 | D:6      | Found a glowing silver altar of Zin.
  4539 | D:6      | Found a runed door.
  4539 | D:6      | Noticed an angel
  4765 | D:6      | Found a deep blue altar of Sif Muna.
  5025 | D:7      | Found a roughly hewn altar of Beogh.
  5051 | D:7      | Found a staircase to the Ecumenical Temple.
  5059 | Temple   | Entered the Ecumenical Temple
  5148 | D:7      | Reached XP level 9. HP: 71/78 MP: 2/8
  5262 | D:7      | Reached skill level 12 in Axes
  5338 | D:7      | Noticed Crazy Yiuf
  5351 | D:7      | Killed Crazy Yiuf
  6033 | D:8      | Received a gift from Trog
  6544 | D:8      | Reached skill level 13 in Axes
  7178 | D:9      | Reached XP level 10. HP: 76/88 MP: 7/9
  7240 | D:9      | Found a staircase to the Lair.
  7312 | D:9      | Found a staircase to the Orcish Mines.
  7709 | Orc:1    | Entered Level 1 of the Orcish Mines
  7789 | Orc:1    | Reached skill level 14 in Axes
  8019 | Orc:1    | Received a gift from Trog
  8253 | Orc:2    | Found a roughly hewn altar of Beogh.
  8467 | Orc:3    | Found a staircase to the Elven Halls.
  8519 | Orc:3    | Noticed Josephine
  8698 | Orc:3    | Killed Josephine
  8699 | Orc:3    | Reached skill level 15 in Axes
  8869 | Orc:3    | Noticed Urug
  8901 | Orc:3    | Killed Urug
  8901 | Orc:3    | Reached skill level 10 in Armour
  9237 | Orc:3    | Noticed Nergalle
  9250 | Orc:3    | Killed Nergalle
  9250 | Orc:3    | Reached XP level 11. HP: 97/97 MP: 10/10
  9330 | Orc:3    | Noticed Maud
  9354 | Orc:3    | Killed Maud
  9695 | Orc:2    | Received a gift from Trog
  9784 | Orc:2    | Found an iron altar of Okawaru.
  9932 | Orc:4    | Entered Level 4 of the Orcish Mines
  9942 | Orc:4    | Reached skill level 16 in Axes
 10297 | Orc:4    | Noticed Ajdolov's ghost (powerful OgBe)
 10497 | Orc:4    | Noticed a hill giant
 10500 | Orc:4    | Noticed an ogre mage
 10651 | Lair:1   | Entered Level 1 of the Lair of Beasts
 10751 | Lair:1   | Received a gift from Trog
 11249 | Lair:1   | Reached skill level 17 in Axes
 11460 | Lair:1   | Reached XP level 12. HP: 93/104 MP: 11/11
 11961 | Lair:2   | Received a gift from Trog
 12289 | Lair:2   | Reached skill level 18 in Axes
 12293 | Lair:2   | Reached skill level 10 in Fighting
 12565 | Lair:3   | Found a staircase to the Snake Pit.
 12579 | Lair:3   | Found a labyrinth entrance.
 12588 | Lab      | Entered a labyrinth
 12769 | Lab      | Noticed a minotaur
 12777 | Lab      | Killed a minotaur
 12779 | Lab      | Identified the Volume of Conjuration
 12857 | Lair:3   | Found a dark tunnel.
 12869 | Volcano  | Entered a volcano
 12885 | Volcano  | Noticed an ogre mage
 12904 | Volcano  | Killed an ogre mage
 13214 | Lair:3   | Reached skill level 5 in Crossbows
 13273 | Lair:3   | Received a gift from Trog
 13275 | Lair:3   | Reached skill level 19 in Axes
 13683 | Lair:3   | Reached XP level 13. HP: 104/115 MP: 12/12
 13729 | Lair:3   | You fall through a shaft for 2 floors!
 13729 | Lair:5   | Noticed Snorg
 13737 | Lair:5   | Killed Snorg
 14688 | Lair:4   | Found a staircase to the Shoals.
 15817 | Lair:5   | Reached skill level 20 in Axes
 16013 | Lair:6   | Found a staircase to the Slime Pits.
 16015 | Lair:6   | Received a gift from Trog
 16658 | Lair:7   | Received a gift from Trog
 16881 | Lair:7   | Reached XP level 14. HP: 113/127 MP: 10/13
 17123 | Lair:7   | Reached skill level 10 in Crossbows
 17578 | Lair:8   | Entered Level 8 of the Lair of Beasts
 17662 | Lair:8   | Received a gift from Trog
 17753 | Lair:8   | Received a gift from Trog
 19400 | Snake:1  | Entered Level 1 of the Snake Pit
 19604 | Orc:4    | Killed Ajdolov's ghost
 19627 | Orc:4    | Noticed Sonja
 19627 | Orc:4    | Noticed Sonja
 19627 | Orc:4    | Sonja changed into Sonja the hippogriff
 19637 | Orc:4    | Killed Sonja the hippogriff
 19677 | Orc:4    | Killed a hill giant
 19723 | Orc:4    | Noticed a hill giant
 19732 | Orc:4    | Killed a hill giant
 19825 | Orc:4    | Received a gift from Trog
 19827 | Orc:4    | Noticed a deep troll
 19838 | Orc:4    | Killed a deep troll
 19891 | Orc:4    | Noticed a deep troll
 19903 | Orc:4    | Killed a deep troll
 19956 | Orc:4    | Found Ygudag's Weapon Boutique.
 19957 | Orc:4    | Found Axkusom's Antique Weapon Shop.
 20006 | Orc:4    | Killed an ogre mage
 20010 | Orc:4    | Found Campotof's Armour Shoppe.
 20021 | Orc:4    | Found Paiku's Assorted Antiques.
 20023 | Orc:4    | Noticed an ogre mage
 20025 | Orc:4    | Noticed Nessos
 20032 | Orc:4    | Killed an ogre mage
 20034 | Orc:4    | Noticed Nessos
 20034 | Orc:4    | Nessos changed into Nessos the elephant
 20039 | Orc:4    | Killed Nessos the elephant
 20050 | Orc:4    | Bought a scroll of identify for 50 gold pieces
 20050 | Orc:4    | Bought a twisted emerald ring for 125 gold pieces
 20050 | Orc:4    | Bought a runed zirconium amulet for 125 gold pieces
 20094 | Orc:4    | Found Kaifitaa's Antique Armour Shop.
 20100 | Orc:4    | Bought a glowing cloak for 148 gold pieces
 20100 | Orc:4    | Bought an encrusted chain mail for 313 gold pieces
 20100 | Orc:4    | Bought a pair of dazzling boots for 313 gold pieces
 20122 | Orc:4    | Identified the +4 chain mail of Failure {rC+} (You bought it in a shop on level 4 of the Orcish Mines)
 20134 | Orc:4    | Identified the +2 pair of boots of Shadows and Fog {Dex+7} (You bought it in a shop on level 4 of the Orcish Mines)
 20446 | Orc:4    | Bought a +2 pair of gloves of dexterity for 258 gold pieces
 20464 | Orc:4    | Bought 3 scrolls of identify for 150 gold pieces
 21221 | D:6      | Killed an angel
 21317 | D:10     | Entered Level 10 of the Dungeon
 21458 | D:10     | Noticed Erolcha
 21491 | D:10     | Killed Erolcha
 21491 | D:10     | Received a gift from Trog
 21491 | D:10     | Reached XP level 15. HP: 128/139 MP: 12/14
 21626 | D:10     | Noticed Joseph
 21635 | D:10     | Killed Joseph
 22570 | D:11     | Received a gift from Trog
 22726 | D:11     | Reached skill level 5 in Dodging
 22829 | D:11     | Received a gift from Trog
 23144 | D:11     | Got a flickering bronze ring
 23241 | D:12     | Found a flickering gateway to a bazaar.
 23267 | D:12     | Found a sparkling altar of Nemelex Xobeh.
 23271 | Bazaar   | Entered a bazaar
 23280 | Bazaar   | Found Miceuge's Book Shoppe.
 23281 | Bazaar   | Found Teigel's Armour Shoppe.
 23286 | Bazaar   | Found Onifuxe's Antique Armour Shop.
 23295 | Bazaar   | Found Nunwod's Assorted Antiques.
 23304 | Bazaar   | Found Misotas's Magic Scroll Shoppe.
 23312 | Bazaar   | Bought a scroll of silence for 90 gold pieces
 23312 | Bazaar   | Bought a scroll of blinking for 90 gold pieces
 23312 | Bazaar   | Bought a scroll of recharging for 114 gold pieces
 23312 | Bazaar   | Bought a scroll of identify for 24 gold pieces
 23312 | Bazaar   | Bought a scroll of teleportation for 36 gold pieces
 23312 | Bazaar   | Bought a scroll of identify for 24 gold pieces
 23312 | Bazaar   | Bought a scroll of fog for 24 gold pieces
 23312 | Bazaar   | Bought a scroll of teleportation for 36 gold pieces
 23312 | Bazaar   | Bought a scroll of identify for 24 gold pieces
 23319 | Bazaar   | Bought 2 sedimented emerald potions for 37 gold pieces
 23319 | Bazaar   | Bought a sparkling copper ring for 105 gold pieces
 23319 | Bazaar   | Bought a potion of berserk rage for 105 gold pieces
 23319 | Bazaar   | Bought a scroll of recharging for 199 gold pieces
 23319 | Bazaar   | Bought a scroll of recharging for 199 gold pieces
 23319 | Bazaar   | Bought a potion of brilliance for 84 gold pieces
 23338 | Bazaar   | Identified the ring "Wyom" {MR+ EV+3 Stlth+} (You bought it in a shop in a bazaar)
 23383 | D:12     | Identified the ring "Yraomip" {MR+ MP+9} (You found it on level 11 of the Dungeon)
 23393 | D:12     | Reached XP level 16. HP: 144/147 MP: 13/15
 23467 | D:12     | Noticed Frances
 23481 | D:12     | Killed Frances
 23481 | D:12     | Reached skill level 15 in Fighting
 23481 | D:12     | Reached skill level 15 in Armour
 23655 | D:12     | Noticed Maurice
 23711 | D:13     | Found a flagged portal.
 23737 | Bailey   | Entered a bailey
 23758 | Bailey   | Noticed abixa's ghost (powerful HOFE)
 23779 | Bailey   | Killed abixa's ghost
 24063 | D:13     | Noticed Kirke
 24065 | D:13     | Found a bloodstained altar of Trog.
 24089 | D:13     | Killed Kirke
 24089 | D:13     | Reached skill level 10 in Dodging
 24125 | D:13     | Received a gift from Trog
 25068 | D:14     | Found a gate to the Vaults.
 25107 | D:14     | Received a gift from Trog
 25108 | D:14     | Got a brightly glowing hand crossbow {god gift}
 25603 | D:15     | Entered Level 15 of the Dungeon
 25650 | D:15     | Found Anauwolu's Book Emporium.
 25735 | D:15     | Found a frozen archway.
 25741 | IceCv    | Entered an ice cave
 25919 | IceCv    | Found an ancient bone altar of Kikubaaqudgha.
 26417 | D:15     | Found a staircase to the Depths.
 26450 | D:15     | Reached XP level 17. HP: 156/156 MP: 16/16
 26453 | D:15     | Received a gift from Trog
 26839 | D:15     | Found a white marble altar of Elyvilon.
 26904 | D:15     | Reached skill level 15 in Dodging
 27383 | D:12     | Killed Maurice
 27433 | D:12     | Received a gift from Trog
 27900 | Snake:1  | Received a gift from Trog
 28991 | Snake:2  | Received a gift from Trog
 29050 | Snake:2  | You fall through a shaft!
 29230 | Snake:3  | Received a gift from Trog
 30003 | Snake:3  | Found a burning altar of Makhleb.
 30203 | Snake:4  | Entered Level 4 of the Snake Pit
 30228 | Snake:4  | Found Jomus's Antique Weapon Boutique.
 30235 | Snake:4  | Bought a faintly glowing triple crossbow for 345 gold pieces
 30337 | Snake:4  | Noticed Vashnia
 30419 | Snake:3  | Received a gift from Trog
 30742 | Snake:4  | Killed Vashnia
 30822 | Snake:4  | Reached XP level 18. HP: 168/168 MP: 15/17
 30871 | Snake:4  | Noticed Zebulonius's ghost (mighty MiBe)
 30911 | Snake:4  | Killed Zebulonius's ghost
 31822 | Snake:4  | Received a gift from Trog
 32146 | Snake:4  | Received a gift from Trog
 32209 | Snake:4  | Received a gift from Trog
 32394 | Snake:4  | Got a serpentine rune of Zot
 33085 | Shoals:1 | Entered Level 1 of the Shoals
 33086 | Shoals:1 | Received a gift from Trog
 34365 | Shoals:4 | Entered Level 4 of the Shoals
 34373 | Shoals:4 | Reached XP level 19. HP: 173/179 MP: 18/18
 34374 | Shoals:4 | Received a gift from Trog
 34528 | Shoals:4 | Received a gift from Trog
 34732 | Shoals:4 | Noticed Ilsuiw
 34777 | Shoals:3 | Received a gift from Trog
 34909 | Shoals:3 | Lost intelligence.
 34929 | Shoals:3 | Got a spiked chain mail
 34944 | Shoals:3 | Identified the cursed +0 chain mail "Nyceloaleb" {rCorr Slay+3} (You found it on level 3 of the Shoals)
 35209 | Shoals:3 | Received a gift from Trog
 35617 | Shoals:4 | Killed Ilsuiw
 35905 | Shoals:4 | Received a gift from Trog
 35998 | Shoals:4 | Got a barnacled rune of Zot
 36195 | Shoals:4 | Received a gift from Trog
 36518 | Lair:2   | Gained mutation: Your mind is acute. (Int +2) [potion of beneficial mutation]
 36519 | Lair:2   | Gained mutation: Your system is resistant to poisons. [potion of beneficial mutation]
 36713 | Vaults:1 | Entered Level 1 of the Vaults
 36849 | Vaults:1 | Found Emamoi's Antique Weapon Shop.
 37104 | Vaults:1 | Found Dioz's Armour Shoppe.
 37384 | Vaults:1 | Found Terek's Weapon Boutique.
 37473 | Vaults:1 | Received a gift from Trog
 37675 | Vaults:1 | Received a gift from Trog
 37705 | Vaults:1 | Reached XP level 20. HP: 191/191 MP: 19/19
 37959 | Vaults:2 | Received a gift from Trog
 38081 | Vaults:2 | Received a gift from Trog
 38164 | Vaults:2 | Found a staircase to the Crypt.
 38164 | Vaults:2 | Found a basalt altar of Yredelemnul.
 38165 | Vaults:2 | Found an ancient bone altar of Kikubaaqudgha.
 38239 | Vaults:2 | Received a gift from Trog
 38380 | Vaults:2 | Received a gift from Trog
 38545 | Vaults:2 | Received a gift from Trog
 39320 | Vaults:3 | Received a gift from Trog
 39388 | Vaults:3 | Found Mocecupa's Magic Scroll Shop.
 40252 | Vaults:3 | Received a gift from Trog
 40641 | Vaults:4 | Reached XP level 21. HP: 203/203 MP: 20/20
 40654 | Vaults:4 | Received a gift from Trog
 40699 | Vaults:4 | Reached skill level 21 in Armour
 40924 | Vaults:4 | Identified a scroll of acquirement
 40998 | Vaults:4 | Received a gift from Trog
 41102 | Vaults:4 | Received a gift from Trog
 41457 | Vaults:4 | Got a slimy hat
 41480 | Vaults:4 | Identified the cursed +0 hat of the Saviour {Dex+4} (You found it on level 4 of the Vaults)
 41487 | Vaults:4 | Found a radiant altar of Vehumet.
 41902 | Vaults:2 | Received a gift from Trog
 42471 | Depths:1 | Entered Level 1 of the Depths
 42555 | Depths:1 | Received a gift from Trog
 42977 | Depths:1 | Found Hadu's Serpentskin Sales.
 43278 | Depths:1 | Found a gateway to Hell.
 43435 | Depths:2 | Received a gift from Trog
 43784 | Depths:2 | Reached skill level 22 in Armour
 43841 | Depths:2 | Reached skill level 1 in Evocations
 43867 | Depths:2 | Reached XP level 22. HP: 215/215 MP: 22/22
 43966 | Depths:2 | Received a gift from Trog
 44329 | Depths:3 | Found a gateway to a ziggurat.
 44329 | Depths:3 | Paralysed by a giant eyeball for 3 turns
 44359 | Depths:3 | Paralysed by a giant eyeball for 2 turns
 44363 | Depths:3 | Paralysed by a giant eyeball for 3 turns
 44447 | Depths:3 | Received a gift from Trog
 44718 | Depths:3 | Received a gift from Trog
 44790 | Depths:3 | Found a one-way gate leading to the halls of Pandemonium.
 44901 | Depths:3 | Reached skill level 5 in Evocations
 44926 | Depths:3 | Found a runed gate.
 44926 | Depths:3 | Found a runed gate.
 44926 | Depths:3 | Found a runed gate.
 45334 | Depths:3 | Received a gift from Trog
 45365 | Depths:3 | Got a warped amber ring
 45606 | Depths:3 | Received a gift from Trog
 46043 | Depths:3 | Got a crude arbalest
 46113 | Depths:4 | Upgraded the game from 0.17-a0-1636-g3119f2b to 0.17-a0-1637-g5d65775
 46162 | Depths:4 | Identified the ring "Ufuuf" {rC+ Str+3 Dex+7} (You took it off a merfolk javelineer on level 3 of the Depths)
 46368 | Depths:4 | HP: 9/215 [ball lightning (26)]
 46981 | Elf:1    | Entered Level 1 of the Elven Halls
 47117 | Elf:1    | Found Jiomilen's Book Emporium.
 47576 | Elf:2    | Received a gift from Trog
 47713 | Elf:2    | Found a roughly hewn altar of Beogh.
 47826 | Elf:2    | Found Kaschare's Weapon Boutique.
 47886 | Elf:2    | Found a runed gate.
 47886 | Elf:2    | Found a runed gate.
 47886 | Elf:2    | Found a runed gate.
 47952 | Elf:2    | Received a gift from Trog
 47997 | Elf:2    | Found Amuc's Distillery.
 48062 | Elf:2    | Reached XP level 23. HP: 223/223 MP: 28/28
 48634 | Elf:3    | Entered Level 3 of the Elven Halls
 49103 | Elf:3    | Reached skill level 10 in Evocations
 49117 | Elf:3    | Received a gift from Trog
 49336 | Elf:3    | Received a gift from Trog
 49559 | Elf:3    | Received a gift from Trog
 49902 | Elf:3    | Got a coiled granite ring
 50014 | Elf:3    | Received a gift from Trog
 50184 | Elf:3    | Identified the ring "Zotsaregig" {Str+2 SInv} (You took it off a deep elf high priest on level 3 of the Elven Halls)
 50693 | Slime:1  | Entered Level 1 of the Pits of Slime
 50784 | Slime:6  | Entered Level 6 of the Pits of Slime
 50853 | Slime:6  | Received a gift from Trog
 51093 | Slime:6  | Gained mutation: Your magical capacity is low (-10% MP). [a shining eye]
 51126 | Slime:6  | Found a viscous altar of Jiyva.
 51277 | Slime:6  | Noticed the royal jelly
 51290 | Slime:6  | Killed the royal jelly
 51359 | Slime:6  | Got a slimy rune of Zot
 51474 | Slime:6  | Got a shimmering turquoise ring
 51695 | Lair:2   | Identified the ring "Ezausoqi" {MR+ Dex+3} (You found it on level 6 of the Pits of Slime)
 51822 | Elf:1    | Bought a manual of Crossbows for 2097 gold pieces
 52204 | Vaults:5 | Entered Level 5 of the Vaults
 52236 | Vaults:5 | Reached XP level 24. HP: 228/228 MP: 26/28
 52248 | Vaults:5 | Received a gift from Trog
 52261 | Vaults:4 | Reached skill level 15 in Crossbows
 52521 | Vaults:5 | Received a gift from Trog
 52727 | Vaults:5 | Received a gift from Trog
 52742 | Vaults:5 | Reached skill level 15 in Evocations
 52759 | Vaults:4 | Received a gift from Trog
 53425 | Vaults:5 | Got a flickering bone ring
 53620 | Vaults:5 | Got a silver rune of Zot
 53661 | Vaults:5 | Reached XP level 25. HP: 214/235 MP: 25/30
 53816 | Vaults:5 | Received a gift from Trog
 54011 | Vaults:5 | Got an ancient broad axe
 54013 | Vaults:5 | Identified the ring of Kaff {Wiz +Fly} (You took it off a deep elf priest on level 5 of the Vaults)
 54057 | Vaults:5 | Identified the +7 broad axe "Faost" {antimagic, rN+} (You found it on level 5 of the Vaults)
 54316 | Vaults:5 | Identified the +3 arbalest "Gestryp" {speed, Str+2 Int+2} (You found it on level 3 of the Depths)
 55632 | Depths:4 | Noticed Frederick
 55662 | Depths:4 | Killed Frederick
 56015 | Depths:4 | Identified the Volume of the Snowflakes
 56025 | Depths:4 | Found a one-way gate to the infinite horrors of the Abyss.
 56035 | Depths:4 | Got a scintillating brass ring
 56036 | Depths:4 | Identified the ring "Jiomi" {Wiz Str-2 Int+2 Slay+2} (You found it on level 4 of the Depths)
 56042 | Depths:4 | Got a spiked scale mail
 56164 | Depths:4 | Received a gift from Trog
 56355 | Depths:4 | Got a transparent copper ring
 56356 | Depths:4 | Identified the ring "Teuxuu Daega" {+Fly Str+3} (You found it on level 4 of the Depths)
 56412 | Depths:4 | Identified the cursed +0 scale mail of Broken Taboos {rC+} (You found it on level 4 of the Depths)
 56448 | Depths:4 | Identified Sif Muna's Collected Works on Vitriolic Transmutation
 56660 | Depths:5 | Entered Level 5 of the Depths
 56763 | Depths:5 | Received a gift from Trog
 56796 | Depths:5 | Noticed Xtahua
 56829 | Depths:5 | Noticed Margery
 57090 | Depths:5 | Noticed Sojobo
 57156 | Depths:5 | Killed Sojobo
 57461 | Depths:5 | Killed Xtahua
 57714 | Depths:5 | Received a gift from Trog
 57716 | Depths:5 | Reached XP level 26. HP: 243/243 MP: 22/32
 57721 | Depths:5 | Killed Margery
 57752 | Depths:5 | Received a gift from Trog
 57844 | Depths:5 | Found a gate to the Realm of Zot.
 58761 | Lair:2   | Identified the +1 triple crossbow of Disembowelment {venom, rElec rN++ SInv} (You bought it in a shop on level 4 of the Snake Pit)
 58787 | Lair:2   | Identified a +5 rod of destruction (9/9) (You found it on level 6 of the Pits of Slime)
 59560 | Depths:4 | Reached skill level 1 in Unarmed Combat
 59607 | Depths:4 | Voluntarily entered the Abyss.
 59611 | Abyss:1  | Found a corrupted altar of Lugonu.
 59645 | Abyss:1  | Found a corrupted altar of Lugonu.
 59713 | Abyss:2  | Found a corrupted altar of Lugonu.
 59814 | Abyss:2  | Noticed an ancient lich
 59821 | Abyss:2  | Killed an ancient lich
 60055 | Abyss:2  | Received a gift from Trog
 60459 | Abyss:3  | Received a gift from Trog
 60528 | Abyss:3  | HP: 6/243 [balrug/demon whip of electrocution (18)]
 60530 | Abyss:3  | Reached skill level 23 in Axes
 60838 | Abyss:3  | Received a gift from Trog
 61004 | Abyss:3  | Paralysed by accursed screaming for 2 turns
 61013 | Abyss:3  | Paralysed by accursed screaming for 2 turns
 61219 | Abyss:3  | Gained mutation: You are clumsy. (Dex -2) [a neqoxec]
 61225 | Abyss:3  | Received a gift from Trog
 61228 | Abyss:3  | Reached skill level 24 in Axes
 61380 | Abyss:3  | Found a corrupted altar of Lugonu.
 61655 | Abyss:3  | Found an opulent altar of Gozag.
 61882 | Abyss:3  | Reached XP level 27. HP: 232/254 MP: 29/32
 62147 | Abyss:3  | Reached skill level 25 in Axes
 62813 | Abyss:3  | Paralysed by accursed screaming for 1 turns
 62883 | Abyss:3  | Received a gift from Trog
 63524 | Abyss:3  | Gained mutation: You tend to lose your temper in combat. [a neqoxec]
 64028 | Abyss:3  | Found a radiant altar of Vehumet.
 64638 | Abyss:3  | Received a gift from Trog
 64652 | Abyss:3  | Found a shadowy altar of Dithmenos.
 65687 | Abyss:3  | Found an ancient bone altar of Kikubaaqudgha.
 65859 | Abyss:3  | Paralysed by accursed screaming for 1 turns
 66378 | Abyss:3  | Paralysed by accursed screaming for 1 turns
 66418 | Abyss:3  | Found a basalt altar of Yredelemnul.
 66431 | Abyss:3  | Received a gift from Trog
 66611 | Abyss:3  | Got an abyssal rune of Zot
 66636 | Abyss:3  | Found a corrupted altar of Lugonu.
 66658 | Depths:4 | Escaped the Abyss
 66953 | Depths:1 | Upgraded the game from 0.17-a0-1637-g5d65775 to 0.17-a0-1642-gd4b747b
 67162 | Zot:1    | Entered Level 1 of the Realm of Zot
 67340 | Zot:1    | Noticed an orb of fire
 67357 | Zot:1    | Killed an orb of fire
 67369 | Zot:1    | Received a gift from Trog
 67845 | Zot:1    | Got a warped cloak
 67852 | Zot:1    | Identified the +4 cloak of Xom's Condemnation {SInv} (You found it on level 1 of the Realm of Zot)
 67938 | Zot:1    | Noticed an orb of fire
 67954 | Zot:1    | Killed an orb of fire
 69068 | Zot:2    | Received a gift from Trog
 69729 | Zot:3    | Received a gift from Trog
 70908 | Zot:4    | Received a gift from Trog
 71073 | Zot:4    | Got a faintly humming ring mail
 71084 | Zot:4    | Identified the cursed +0 ring mail of Shielding {rElec Regen+ Str-5 Int+3} (You found it on level 4 of the Realm of Zot)
 71957 | Zot:5    | Entered Level 5 of the Realm of Zot
 72144 | Zot:5    | Received a gift from Trog
 72219 | Zot:5    | Noticed an ancient lich
 72233 | Zot:5    | Killed an ancient lich
 72403 | Zot:5    | Received a gift from Trog
 72544 | Zot:5    | Noticed an orb of fire
 72558 | Zot:5    | Killed an orb of fire
 72559 | Zot:5    | Noticed an orb of fire
 72955 | Zot:5    | Killed an orb of fire
 73175 | Zot:5    | Noticed an orb of fire
 73178 | Zot:5    | Noticed an orb of fire
 73181 | Zot:5    | Received a gift from Trog
 73195 | Zot:5    | Killed an orb of fire
 73197 | Zot:5    | Killed an orb of fire
 74261 | Crypt:1  | Entered Level 1 of the Crypt
 75001 | Crypt:2  | Noticed Mara
 75021 | Crypt:2  | Noticed abixa's illusion
 75039 | Crypt:2  | Killed Mara
 76106 | Crypt:3  | Entered Level 3 of the Crypt
 76309 | Crypt:3  | Found a basalt altar of Yredelemnul.
 76385 | Crypt:3  | Got a sapphire battleaxe
 76675 | Crypt:3  | Found a staircase to the Tomb.
 76678 | Crypt:3  | Noticed Jory
 76699 | Crypt:3  | Killed Jory
 76724 | Crypt:3  | Identified a +5 rod of destruction (9/9) (You found it on level 3 of the Crypt)
 76725 | Crypt:3  | Identified the +9 battleaxe of the People {chop, Int+2} (You found it on level 3 of the Crypt)
 76964 | Crypt:3  | Got a wavering jade amulet
 76966 | Crypt:3  | Identified the amulet "Japhutoa" {rMut rF+ Str-5 Stlth+} (You found it on level 3 of the Crypt)
 76971 | Crypt:3  | Got a transparent cloak
 76982 | Crypt:3  | Identified the +0 cloak "Cyemeirph" {Regen+} (You found it on level 3 of the Crypt)
 77519 | Hell     | Entered the Vestibule of Hell
 77519 | Hell     | Noticed Geryon
 77547 | Hell     | Killed Geryon
 77653 | Hell     | Found a gateway to the freezing wastes of Cocytus.
 77661 | Hell     | Received a gift from Trog
 77843 | Hell     | Found a gateway to the decaying netherworld of Tartarus.
 77938 | Hell     | Found a gateway to the ashen valley of Gehenna.
 78052 | Hell     | Found a gateway to the Iron City of Dis.
 78267 | Tar:1    | Entered Level 1 of Tartarus
 79407 | Tar:5    | Received a gift from Trog
 79631 | Tar:7    | Entered Level 7 of Tartarus
 79933 | Tar:7    | Received a gift from Trog
 80329 | Tar:7    | Noticed an ancient lich
 80347 | Tar:7    | Killed an ancient lich
 80414 | Tar:7    | Gained mutation: Your body sometimes deteriorates upon taking damage. [mutagenic glow]
 81851 | Tar:7    | Identified the Collected Works on Calling
 81868 | Tar:7    | Received a gift from Trog
 82630 | Tar:7    | Got a sparkling pewter amulet
 82631 | Tar:7    | Identified the amulet of Qusacziph {Gourm rF- rC++ MP+9 Stlth+} (You found it on level 7 of Tartarus)
 82665 | Tar:7    | Identified Vehumet's Tome of Confrontation and Flight
 82854 | Tar:7    | Noticed Ereshkigal
 83213 | Tar:7    | HP: 18/378 [Ereshkigal (1)]
 83218 | Tar:7    | Killed Ereshkigal
 83568 | Tar:7    | Got a bone rune of Zot
 83689 | Hell     | Upgraded the game from 0.17-a0-1642-gd4b747b to 0.17-a0-1646-geb1493d
 84469 | Geh:1    | Entered Level 1 of Gehenna
 84499 | Geh:1    | Received a gift from Trog
 84691 | Geh:2    | Received a gift from Trog
 85587 | Geh:4    | Received a gift from Trog
 85889 | Geh:5    | Reached skill level 26 in Fighting
 86037 | Geh:7    | Entered Level 7 of Gehenna
 87143 | Geh:7    | Received a gift from Trog
 87305 | Geh:7    | Got an ancient gossamer ring
 87569 | Geh:7    | Received a gift from Trog
 87739 | Geh:7    | Identified the Tome of Unstable Poison
 87796 | Geh:7    | Got a faintly glowing tin ring
 87797 | Geh:7    | Identified the ring of the Little Devil {+Fly rF+++ rC+ MR+} (You took it off a balrug on level 7 of Gehenna)
 87802 | Geh:7    | Identified the ring "Yxiqairi" {Wiz rC+ rN+ Str+2} (You found it on level 7 of Gehenna)
 87841 | Geh:7    | Noticed Asmodeus
 87861 | Geh:7    | Killed Asmodeus
 87870 | Geh:7    | Got an obsidian rune of Zot
 88150 | Dis:1    | Entered Level 1 of the Iron City of Dis
 89095 | Dis:6    | Received a gift from Trog
 89241 | Dis:7    | Entered Level 7 of the Iron City of Dis
 90127 | Dis:7    | Received a gift from Trog
 90128 | Dis:7    | Got a shimmering arbalest {god gift}
 90368 | Dis:7    | Reached skill level 27 in Armour
 90691 | Dis:7    | Identified the Incunabulum of Infinity
 90754 | Dis:7    | Got a warped shield
 91371 | Dis:7    | Noticed Dispater
 91397 | Dis:7    | Killed Dispater
 91479 | Dis:7    | Identified the Guide on Cloudy Protection
 91482 | Dis:7    | Got an iron rune of Zot
 91484 | Dis:7    | Got a shimmering pewter ring
 91717 | Dis:7    | Identified the ring "Laicemue" {Fire rElec Dex+4} (You found it on level 7 of the Iron City of Dis)
 91718 | Dis:7    | Identified the +5 shield of Negation {*Confuse rPois Dex+7 Stlth+} (You found it on level 7 of the Iron City of Dis)
 91772 | Hell     | Identified the +10 arbalest "Qaidghit" {venom, MR+ Str-3 Int+6} (Trog gifted it to you on level 7 of the Iron City of Dis)
 91801 | Coc:1    | Entered Level 1 of Cocytus
 92060 | Coc:3    | Received a gift from Trog
 92091 | Coc:3    | Reached skill level 27 in Fighting
 92441 | Coc:6    | Reached skill level 27 in Axes
 92496 | Coc:7    | Entered Level 7 of Cocytus
 92536 | Coc:7    | Reached skill level 27 in Crossbows
 92587 | Coc:7    | Reached skill level 27 in Dodging
 92633 | Coc:7    | Noticed the Serpent of Hell
 92649 | Coc:7    | Killed the Serpent of Hell
 92722 | Coc:7    | Reached skill level 27 in Evocations
 92750 | Coc:7    | Reached skill level 1 in Spellcasting
 92838 | Coc:7    | Reached skill level 5 in Spellcasting
 92889 | Coc:7    | Fell from the grace of Trog
 93689 | Coc:7    | HP: 13/260 [stone giant[the rage of Trog] (30)]
 93695 | Coc:7    | HP: 4/260 [stone giant[the rage of Trog] (14)]
 94099 | Coc:7    | Noticed Antaeus
 94140 | Coc:7    | Killed Antaeus
 94140 | Coc:7    | Reached skill level 10 in Spellcasting
 94275 | Coc:7    | Got an icy rune of Zot
 94282 | Coc:7    | Identified the Guide on Creation
 94689 | Hell     | Learned a level 1 spell: Apportation
 94692 | Hell     | Learned a level 2 spell: Blink
 94695 | Hell     | Learned a level 2 spell: Repel Missiles
 94698 | Hell     | Learned a level 2 spell: Song of Slaying
 94701 | Hell     | Learned a level 2 spell: Swiftness
 94705 | Hell     | Learned a level 3 spell: Regeneration
 94709 | Hell     | Learned a level 3 spell: Spectral Weapon
 95052 | Temple   | Became a worshipper of Makhleb the Destroyer
 95794 | Depths:4 | Voluntarily entered the Abyss.
 95866 | Abyss:1  | Reached skill level 1 in Hexes
 95869 | Abyss:1  | Reached skill level 1 in Charms
 95871 | Abyss:1  | Noticed an ancient lich
 95879 | Abyss:1  | Killed an ancient lich
 96034 | Abyss:1  | Found a corrupted altar of Lugonu.
 96052 | Abyss:1  | Acquired Makhleb's first power
 96684 | Abyss:3  | Acquired Makhleb's second power
 97089 | Abyss:3  | Acquired Makhleb's third power
 97127 | Abyss:3  | Found a corrupted altar of Lugonu.
 97185 | Abyss:3  | Found a corrupted altar of Lugonu.
 97254 | Abyss:3  | Found a corrupted altar of Lugonu.
 97547 | Abyss:3  | Acquired Makhleb's fourth power
 97632 | Abyss:3  | Reached skill level 5 in Hexes
 97778 | Abyss:3  | Reached skill level 5 in Charms
 97788 | Abyss:3  | Found a corrupted altar of Lugonu.
 97931 | Abyss:3  | Got a pair of brightly glowing gloves
 97941 | Abyss:3  | Identified the +0 pair of gloves "Rezuuh" {-Cast rN++ MR+ Stlth+} (You found it on level 3 of the Abyss)
 98057 | Abyss:3  | Acquired Makhleb's fifth power
 98839 | Depths:4 | Escaped the Abyss
 99615 | Tomb:1   | Entered Level 1 of the Tomb of the Ancients
100352 | Tomb:1   | Reached skill level 1 in Necromancy
100648 | Tomb:1   | Was forgiven by Trog
100715 | Tomb:2   | Noticed an ancient lich
100729 | Tomb:1   | Killed an ancient lich
100864 | Tomb:1   | Reached skill level 5 in Necromancy
101558 | Tomb:1   | Reached skill level 1 in Translocations
101779 | Tomb:1   | Reached skill level 5 in Translocations
102309 | Tomb:1   | Reached skill level 5 in Air Magic
103137 | Tomb:3   | Entered Level 3 of the Tomb of the Ancients
103165 | Tomb:3   | Noticed Khufu
103397 | Tomb:2   | Killed Khufu
104166 | Tomb:3   | Identified Zaeddu's Tome of Changing
104170 | Tomb:3   | Got a flickering copper amulet
104172 | Tomb:3   | Got a heavily runed jade ring
104178 | Tomb:3   | Identified the amulet "Wioloefit" {Gourm rPois rN+ MR+} (You found it on level 3 of the Tomb of the Ancients)
104179 | Tomb:3   | Identified the ring of Murgh {MR+ MP+9} (You found it on level 3 of the Tomb of the Ancients)
104266 | Tomb:3   | Identified a +4 rod of shadows (11/11) (You found it on level 3 of the Tomb of the Ancients)
104273 | Tomb:3   | Identified a +4 rod of inaccuracy (13/13) (You found it on level 3 of the Tomb of the Ancients)
104284 | Tomb:3   | Identified a +4 rod of ignition (14/14) (You found it on level 3 of the Tomb of the Ancients)
104383 | Tomb:3   | Got a golden rune of Zot
104563 | Tomb:3   | Got a glittering tin amulet
104564 | Tomb:3   | Identified the amulet of Music {Clar *Contam +Blink MP+9 Int+3} (You found it on level 3 of the Tomb of the Ancients)
105401 | Hell     | Learned a level 2 spell: Shroud of Golubria
105405 | Hell     | Learned a level 3 spell: Portal Projectile
105410 | Hell     | Learned a level 4 spell: Passage of Golubria
105529 | Pan      | Entered Pandemonium
105757 | Pan      | Reached skill level 10 in Necromancy
105769 | Pan      | Noticed Chiseanne's ghost (legendary DsFi)
105793 | Pan      | Noticed Lyoxias the pandemonium lord
105818 | Pan      | Killed Lyoxias the pandemonium lord
105824 | Pan      | Killed Chiseanne's ghost
106124 | Pan      | Found an exit through the horrors of the Abyss.
106668 | Pan      | Found an exit through the horrors of the Abyss.
106816 | Pan      | Got a polished arbalest
106817 | Pan      | Identified the +10 arbalest "Gihots" {flame, -Tele rElec rC++ Str+3} (You found it in Pandemonium)
107040 | Pan      | Found a gateway to a ziggurat.
107043 | Pan      | Paralysed by a giant eyeball for 4 turns
107062 | Pan      | Reached skill level 10 in Air Magic
107064 | Pan      | Gained mutation: You occasionally shout uncontrollably at your foes. [a shining eye]
107083 | Pan      | Found a runed door.
107089 | Pan      | Found a runed door.
107090 | Pan      | Noticed Qice the pandemonium lord
107090 | Pan      | Found a runed door.
107090 | Pan      | Found a runed door.
107099 | Pan      | Killed Qice the pandemonium lord
107113 | Pan      | Identified the Almanac of Malediction
107392 | Pan      | Found an exit through the horrors of the Abyss.
107674 | Zig:1    | Entered Level 1 of a ziggurat
107691 | Zig:2    | Entered Level 2 of a ziggurat
107714 | Zig:3    | Entered Level 3 of a ziggurat
107801 | Zig:4    | Entered Level 4 of a ziggurat
107932 | Zig:5    | Entered Level 5 of a ziggurat
108006 | Zig:6    | Entered Level 6 of a ziggurat
108045 | Zig:6    | Got a heavily runed lead ring
108045 | Zig:6    | Got a translucent turquoise ring
108055 | Zig:6    | Identified the ring of Day {Int+4 Dex-2 Slay+2 Stlth+} (You found it on level 6 of a ziggurat)
108056 | Zig:6    | Identified the ring of Fragile Peace {*Drain +Inv +Fly rF+ Int+6} (You found it on level 6 of a ziggurat)
108058 | Zig:7    | Entered Level 7 of a ziggurat
108124 | Zig:8    | Entered Level 8 of a ziggurat
108176 | Zig:8    | Got a scintillating diamond amulet
108182 | Zig:8    | Identified the amulet of Kikubaaqudgha's Hatred {rMut Str+2 Int+6 Dex-5} (You found it on level 8 of a ziggurat)
108184 | Zig:9    | Entered Level 9 of a ziggurat
108208 | Zig:9    | Reached skill level 10 in Translocations
108210 | Zig:9    | Reached skill level 1 in Polearms
108257 | Zig:10   | Entered Level 10 of a ziggurat
108275 | Zig:10   | Reached skill level 10 in Charms
108279 | Zig:10   | Reached skill level 10 in Hexes
108301 | Zig:10   | Identified the Disquisition on Shifting Attacks
108307 | Zig:10   | Identified the Collected Works on Execration and Displacement
108331 | Zig:10   | Learned a level 6 spell: Deflect Missiles
108338 | Zig:10   | Learned a level 6 spell: Haste
108419 | Zig:11   | Entered Level 11 of a ziggurat
108434 | Zig:11   | Noticed Zemuesea the pandemonium lord
108462 | Zig:11   | Killed Zemuesea the pandemonium lord
108462 | Zig:11   | Reached skill level 10 in Polearms
108502 | Zig:11   | Got a translucent wooden ring
108509 | Zig:11   | Got a translucent pewter ring
108517 | Zig:11   | Identified the Tome of Confrontation and Air (You found it on level 11 of a ziggurat)
108557 | Zig:12   | Entered Level 12 of a ziggurat
108653 | Zig:12   | Identified the ring of the Fiend {Fire *Contam rN++} (You found it on level 11 of a ziggurat)
108655 | Zig:12   | Identified the ring of the Leaf {+/*Tele rF+ Str+4 Dex+3} (You found it on level 11 of a ziggurat)
108726 | Zig:13   | Entered Level 13 of a ziggurat
108743 | Zig:13   | Noticed an ancient lich
108771 | Zig:13   | Killed an ancient lich
108771 | Zig:13   | Reached skill level 15 in Polearms
108869 | Zig:13   | Learned a level 6 spell: Conjure Ball Lightning
108877 | Zig:13   | Identified the Compendium of Talismans (You found it on level 13 of a ziggurat)
108925 | Zig:14   | Entered Level 14 of a ziggurat
109011 | Zig:14   | Noticed Chiseanne's ghost (legendary DsWn)
109118 | Zig:14   | Killed Chiseanne's ghost
109266 | Zig:14   | Got a bound ivory ring
109267 | Zig:14   | Identified the ring "Zeranouv" {+/*Tele rPois rC- Dex+10} (You found it on level 14 of a ziggurat)
109273 | Zig:14   | Identified Sanoalob's Collected Works on the Escort and Contamination
109279 | Zig:14   | Got an encrusted arbalest
109280 | Zig:14   | Identified the +3 arbalest "Newtslayer" {speed, Int+4} (You found it on level 14 of a ziggurat)
109283 | Zig:14   | Got a flickering platinum ring
109284 | Zig:14   | Identified the ring "Sitekk" {rC+ EV+3 Stlth+} (You found it on level 14 of a ziggurat)
109306 | Zig:15   | Entered Level 15 of a ziggurat
109922 | Zig:15   | Identified Cigotuvi's Reference Book on Changing
109935 | Zig:15   | Identified the Handbook of Summoning and Augmentations
109967 | Zig:15   | Lost mutation: Your body sometimes deteriorates upon taking damage. [potion of cure mutation]
109967 | Zig:15   | Lost mutation: Your system is resistant to poisons. [potion of cure mutation]
109967 | Zig:15   | Lost mutation: Your mind is acute. (Int +2) [potion of cure mutation]
109967 | Zig:15   | Lost mutation: Your magical capacity is low (-10% MP). [potion of cure mutation]
109967 | Zig:15   | Lost mutation: You occasionally shout uncontrollably at your foes. [potion of cure mutation]
109969 | Zig:16   | Entered Level 16 of a ziggurat
110199 | Zig:16   | Identified the Handbook of Damaging Flight (You found it on level 16 of a ziggurat)
110206 | Zig:16   | Identified a +1 rod of destruction (11/11) (You found it on level 16 of a ziggurat)
110215 | Zig:17   | Entered Level 17 of a ziggurat
110224 | Zig:17   | Noticed an ancient lich
110272 | Zig:17   | Killed an ancient lich
110282 | Zig:17   | Noticed an ancient lich
110296 | Zig:17   | Killed an ancient lich
110377 | Zig:17   | Got a scintillating crystal amulet
110378 | Zig:17   | Identified the amulet of Eturcheimu {Ward rF+ rN+} (You found it on level 17 of a ziggurat)
110380 | Zig:17   | Got a coiled lead amulet
110381 | Zig:17   | Identified the amulet of Okawaru's Approval {+Blink Regen+ Str+2 Dex-5 Slay+2} (You found it on level 17 of a ziggurat)
110398 | Zig:17   | Identified a +2 rod of clouds (13/13) (You found it on level 17 of a ziggurat)
110403 | Zig:17   | Got a pair of encrusted gloves
110404 | Zig:17   | Identified the +2 pair of gloves of Eruan {rF+ Str+3} (You found it on level 17 of a ziggurat)
110408 | Zig:18   | Entered Level 18 of a ziggurat
110829 | Zig:18   | Identified the Guide on Arcane Weapons and Illusion (You found it on level 18 of a ziggurat)
110878 | Zig:18   | Got an encrusted plate armour
110889 | Zig:18   | Identified the +11 plate armour "Nocruqoc" {Int+5} (You found it on level 18 of a ziggurat)
110915 | Zig:18   | Learned a level 7 spell: Summon Hydra
110930 | Zig:19   | Entered Level 19 of a ziggurat
111063 | Zig:19   | Identified Feagudo's Almanac of Destructive Clay
111070 | Zig:19   | Got a brightly glowing marble ring
111071 | Zig:19   | Identified the ring "Kidonu" {rN+ MP+9 Dex+5} (You found it on level 19 of a ziggurat)
111079 | Zig:19   | Got a bloodstained cloak
111090 | Zig:19   | Identified the +1 cloak "Hief" {rC+ MR+} (You found it on level 19 of a ziggurat)
111099 | Zig:19   | Identified a cursed +3 rod of destruction (12/12) (You found it on level 19 of a ziggurat)
111120 | Zig:20   | Entered Level 20 of a ziggurat
111221 | Zig:20   | Noticed Isun the pandemonium lord
111228 | Zig:20   | Noticed Ruyriff the pandemonium lord
111229 | Zig:20   | Noticed Nustagh the pandemonium lord
111230 | Zig:20   | Noticed Ceilu the pandemonium lord
111231 | Zig:20   | Noticed Noefan the pandemonium lord
111236 | Zig:20   | HP: 2/273 [Isun the pandemonium lord/chain lightning (24)]
111236 | Zig:20   | Killed from afar by Isun the pandemonium lord

Vault maps used:
D:1:      dpeg_arrival_erosion
D:2:      gammafunk_temple_overflow_elements, nicolae_qazlal_style_of_elements
D:4:      lemuel_coloured_pillars_altar, cheibrodos_ashenzari_chains,
          first_bread
D:5:      corexii_shantytown, kiku_gazebo_pond_becter
D:6:      nicolae_overflow_hidden_temple, lemuel_zombie_altar_yredelemnul,
          glass_columns_b, lemuel_angel_altar, uniq_grinder
D:7:      minmay_temple_entry_overgrown, david_defended_altar_orc,
          uniq_crazy_yiuf_cottage
D:9:      lair_0_dummy, erik_orc_4
D:10:     uniq_joseph, uniq_erolcha
D:12:     serial_shops, freezing_bzr, blue_anna_alchemist, nemelex_deck,
          uniq_frances, uniq_maurice
D:13:     enter_bailey_3, kennysheep_diamond, uniq_kirke
D:14:     hangedman_vaults_entry_quadrant_bands, infiniplex_staircase_zigzag_5
D:15:     grunt_enter_depths_magical_seal, serial_shops, shop,
          serial_park_gazebo, portal_ice_cave_entry_horrid_things
Temple:   circular_temple_pool_12
Lair:1:   minmay_lair_venomous_thicket, special_room, lemuel_fruit_tree,
          bh_autumn_forest_stairs
Lair:3:   minmay_snake_entry_guardpost_small, lab_entry_generic,
          nicolae_volcano_entry_lava_flow, nicolae_quartered_pool_medium,
          serial_bayou_shore_a
Lair:4:   elwin_shoals_entry_rocks, st_stairs_6, grunt_megastairs_3
Lair:5:   uniq_snorg
Lair:6:   nicolae_slime_entry_slimehenge, beast_lair_carwin_7
Lair:7:   beast_lair_carwin_large_1, bobbens_dragon_lair_wall,
          grunt_megastairs_4, infiniplex_staircase_pool_2
Lair:8:   minmay_lair_end_frog_pond
Shoals:4: shoals_end_simple, shoals_ilsuiw_alternative
Snake:3:  basic_altar
Snake:4:  snake_pit_salamanders_mu, serial_shops,
          nicolae_shop_overgrown_old_shop, uniq_vashnia
Slime:2:  cheibrodos_slime_lost_civilization_7
Orc:2:    basic_altar, okawaru_metal_pillars_3
Orc:3:    nicolae_orc_pool_cavern, uniq_josephine, uniq_urug, uniq_maud,
          uniq_nergalle
Orc:4:    st_orc_open, serial_shops, nicolae_shop_overgrown_old_shop,
          uniq_nessos, uniq_sonja
Elf:1:    serial_shops, shop_statue, evilmike_minifort
Elf:2:    serial_shops, shop, shop_statue, special_room
Elf:3:    minmay_elf_hall_circle, serial_corexii_hall, corexii_hall_statues_i,
          corexii_hall_statues_x, serial_sigils_hangedman_gnaw
Vaults:1: nicolae_vaults_sealed_display, v_misc_30, v_misc_33,
          hangedman_vaults_snaps, nicolae_vaults_little_squares_6,
          vaults_room_grid, v_alt_pattern_6, v_misc_22,
          grunt_vaults_hallway_long, nicolae_vaults_little_squares_3,
          v_pattern_4, nicolae_vaults_halls_meeting,
          ontoclasm_vaults_decontamination, nicolae_vaults_little_squares_5,
          vaults_room_hallway, vaults_room_stairs_pillars,
          ontoclasm_vaults_twist, serial_shops, shop_statue,
          nicolae_shop_window_shopping, shop
Vaults:2: minmay_crypt_entry_necro_gods, nicolae_vaults_yaktaur_gun_rack,
          nicolae_vaults_diagonal_hallway_6, vaults_room_glass_cross, v_misc_29
Vaults:3: v_misc_26, v_alt_pattern_6, v_misc_27, vaults_dpeg_ring,
          nicolae_vaults_little_squares_2, nicolae_vaults_diagonal_hallway_8,
          st_lattice, stair_cage_open, grunt_vaults_swirl,
          nicolae_vaults_what_the_h, nicolae_vaults_circle_grid_b, serial_shops,
          shop
Vaults:4: vaults_mumra_minichess_inversion, vaults_room_grid,
          grunt_tower_of_power, nicolae_vaults_shelves_hall, vaults_dpeg_doors,
          ontoclasm_vaults_chip, vaults_room_corners, nicolae_vaults_big_ls,
          hangedman_vaults_nails, v_alt_pattern_2, nicolae_vaults_asterisk
Vaults:5: serial_shops
Crypt:2:  lemuel_upstairs_altar, basic_stair_grate_trap, uniq_mara
Crypt:3:  grunt_crypt_end_deaths_head
Tomb:3:   uniq_khufu
Depths:1: serial_corexii_hall, corexii_hall_statues_l, corexii_hall_statues_u,
          lightli_too_deep, hex_tiny, hangedman_abyss_or_decor_lesser_grid,
          guppyfry_shop_venom, roderic_lattice_octagonal_star
Depths:2: kennysheep_cluttered_fort, minmay_misc_feat_plants, hellmouth_1,
          infiniplex_staircase_pillars_2
Depths:3: kennysheep_bubble_arena, enter_ziggurat_c, rand_demon_pan_entry_8,
          hell_entry, pandoras_box_mu
Depths:4: radiant_caverns_b_rkd, abyss_entry, hell_entry, uniq_frederick
Depths:5: grunt_bruiser_brothers, hell_entry, roderic_st_hans_cross,
          uniq_margery, uniq_sojobo, uniq_xtahua
Dis:1:    nicolae_dis_lava_storage_tank
Dis:2:    hangedman_dis_chains, grunt_megastairs_2
Dis:4:    hangedman_mysterious_dungeon_monster_house
Dis:7:    iron_city_of_dis
Geh:3:    hangedman_gehenna_grave_pits, lemuel_elevator
Geh:7:    geh_old
Coc:3:    nicolae_coc_ice_floe
Coc:5:    serial_ice, serial_ice_b, door_vault
Coc:7:    coc_hangedman
Tar:3:    grunt_megastairs_1
Tar:7:    tar_old
Zot:4:    hangedman_orp_of_zott
Abyss:1:  evilmike_abyss_exit_vortex
Abyss:2:  abyss_fake_exit
Pan:      evilmike_mini_pan_possible_glass, pan_blood_fountain_small,
          nicolae_pan_gloorx_vloqian_4, evilmike_mini_pan_pillars, rand_demon_7,
          enter_ziggurat_pan_d
Zig:3:    ziggurat_pillar_centre_c
Zig:5:    ziggurat_loot_2
Zig:6:    ziggurat_loot_3
Zig:11:   ziggurat_pillar_centre_smoke
Zig:15:   ziggurat_pillar_centre_oklobs
Lab:      labyrinth_hidden_loot, nicolae_lab_checkerboard,
          nicolae_lab_big_swirl, labyrinth_skeletal_remains, lab_statue,
          nicolae_lab_lava, nicolae_lab_arrow
Bazaar:   bazaar_kb_twisted_cavern
Bailey:   bailey_axe_1, bailey
IceCv:    ice_cave_small_necro
Volcano:  volcano_pools

Action                   |  1- 3 |  4- 6 |  7- 9 | 10-12 | 13-15 | 16-18 | 19-21 | 22-24 | 25-27 || total
-------------------------+-------+-------+-------+-------+-------+-------+-------+-------+-------++-------
Melee: Hand axe          |    84 |    64 |       |       |       |       |       |       |       ||   148
       War axe           |       |    56 |   325 |       |       |       |       |       |       ||   381
       Battleaxe         |       |       |    41 |   661 |   902 |  1597 |  1718 |  1432 |   927 ||  7278
       Executioner's axe |       |       |       |       |       |       |       |       |  9462 ||  9462
 Fire: Blowgun           |       |       |    12 |       |       |       |       |       |       ||    12
       Triple crossbow   |       |       |       |       |       |       |       |       |    15 ||    15
Throw: Stone             |       |     4 |     5 |       |       |       |       |       |       ||     9
       Tomahawk          |       |       |       |     2 |       |       |       |       |       ||     2
       Javelin           |       |       |       |     1 |       |       |       |       |       ||     1
Invok: Berserk           |       |       |     2 |     6 |    15 |     5 |     2 |     2 |    11 ||    43
       Burn Spellbooks   |       |       |     1 |     1 |       |     1 |     2 |     3 |    18 ||    26
       Trog's Hand       |       |       |       |     1 |     1 |       |       |     3 |     4 ||     9
       Brothers in Arms  |       |       |       |       |       |       |       |     1 |     5 ||     6
 Abil: Evoke Flight      |       |       |       |       |       |       |       |       |    13 ||    13
Evoke: Wand              |       |       |       |     2 |     4 |     5 |       |     9 |    12 ||    32
       Lamp of fire      |       |       |       |       |       |       |       |       |     8 ||     8
       Stone of tremors  |       |       |       |       |       |       |       |       |     4 ||     4
       Phial of floods   |       |       |       |       |       |       |       |       |     2 ||     2
       Fan of gales      |       |       |       |       |       |       |       |       |     1 ||     1
  Use: Scroll            |       |       |     1 |    15 |    15 |     8 |     4 |     4 |    72 ||   119
       Potion            |       |       |       |       |     3 |       |     2 |       |    14 ||    19
 Stab: Sleeping          |     1 |       |       |       |       |       |       |       |       ||     1
       Petrifying        |       |       |       |       |       |       |       |       |     3 ||     3
       Invisible         |       |       |       |       |       |       |       |       |     7 ||     7
       Distracted        |       |       |       |       |       |       |       |       |    10 ||    10
       Confused          |       |       |       |       |       |       |       |       |     1 ||     1
       Held in net/web   |       |       |       |       |       |       |       |       |     1 ||     1
       Paralysed         |       |       |       |       |       |       |       |       |     1 ||     1
  Eat: Chunk             |     2 |     3 |    18 |    31 |    40 |    41 |    35 |    28 |   108 ||   306
       Beef jerky        |       |       |     2 |       |     2 |       |       |     2 |     4 ||    10
       Pizza             |       |       |     1 |       |       |       |       |     2 |       ||     3
       Bread ration      |       |       |       |       |     1 |       |       |       |     6 ||     7
       Fruit             |       |       |       |       |       |     1 |       |     1 |    11 ||    13
       Meat ration       |       |       |       |       |       |       |       |       |    27 ||    27
       Royal jelly       |       |       |       |       |       |       |       |       |    12 ||    12
